[ PARTIDA AOE2 · #471084001 ]
UnrankedEtíopes vs Malay
[ ANÁLISIS DE REPETICIÓN · EXTRAÍDO DE LA PARTIDA GRABADA ]
Feudal
12:51
Castillos
16:26
Imperial
30:14
| APM promedio | 32.6 |
| APM pico | 68 |
| eAPM promedio | 20.4 |
| Aldeanos / militares | 80 / 9 |
Foco
⚔️ 21.5% · 🌾 78.5%
Fishing Ship ×44 · Mangonel ×7 · Monk ×2
Feudal
11:49
Castillos
15:30
Imperial
28:36
| APM promedio | 23.7 |
| APM pico | 81 |
| eAPM promedio | 17.0 |
| Aldeanos / militares | 156 / 97 |
Foco
⚔️ 24.3% · 🌾 75.7%
Cavalry Archer ×88 · Iron Pagoda ×7 · Trebuchet (Packed) ×2
Feudal
12:29
Castillos
21:00
Imperial
30:36
| APM promedio | 48.5 |
| APM pico | 134 |
| eAPM promedio | 38.0 |
| Aldeanos / militares | 139 / 75 |
Foco
⚔️ 33.5% · 🌾 66.5%
Battle Elephant ×57 · Bombard Cannon ×11 · Militia ×5 · Monk ×1 · Mangonel ×1
Feudal
10:59
Castillos
14:35
Imperial
26:36
| APM promedio | 50.4 |
| APM pico | 111 |
| eAPM promedio | 33.4 |
| Aldeanos / militares | 132 / 240 |
Foco
⚔️ 56.0% · 🌾 44.0%
Kamayuk ×228 · Trebuchet (Packed) ×5 · Mangonel ×3 · Trade Cart ×3 · Monk ×2 · Skirmisher ×2
Feudal
13:32
Castillos
25:47
Imperial
—
| APM promedio | 33.7 |
| APM pico | 130 |
| eAPM promedio | 18.0 |
| Aldeanos / militares | 85 / 28 |
Foco
⚔️ 37.3% · 🌾 62.7%
Fishing Ship ×39 · Gbeto ×24 · Battering Ram ×3 · Monk ×1
Feudal
12:27
Castillos
16:22
Imperial
31:36
| APM promedio | 30.0 |
| APM pico | 69 |
| eAPM promedio | 19.5 |
| Aldeanos / militares | 169 / 147 |
Foco
⚔️ 15.2% · 🌾 84.8%
Scout Cavalry ×76 · Hand Cannoneer ×62 · Janissary ×5 · Bombard Cannon ×4
Feudal
12:27
Castillos
17:05
Imperial
30:07
| APM promedio | 37.0 |
| APM pico | 66 |
| eAPM promedio | 20.3 |
| Aldeanos / militares | 105 / 90 |
Foco
⚔️ 32.0% · 🌾 68.0%
Cavalry Archer ×88 · Fishing Ship ×47 · Mangonel ×2
Feudal
13:44
Castillos
18:09
Imperial
30:59
| APM promedio | 35.1 |
| APM pico | 98 |
| eAPM promedio | 19.8 |
| Aldeanos / militares | 109 / 76 |
Foco
⚔️ 23.9% · 🌾 76.1%
Archer ×63 · Fishing Ship ×38 · Bombard Cannon ×7 · Organ Gun ×6
Mapa de la partida
Recursos iniciales + cada clic de construcción. Líneas = muros · curvas = relieve. ◆ oro · ⬟ piedra · ● bayas · ✦ reliquia · ◌ hueco del cierre
Tu base· ✓ Cerrada en 16:26 · 37t muro · sin puerta
Base de Mushu· ✓ Cerrada en 15:30 · 17t muro · sin puerta
Base de Trazbon· ✓ Cerrada en 21:00 · 58t muro · sin puerta
Base de 大葱鸭· ✓ Cerrada en 14:35 · 0t muro · sin puerta
Base de MasterProber· ✓ Cerrada en 25:47 · 36t muro · sin puerta
Base de titumir· ✓ Cerrada en 16:22 · 0t muro · sin puerta
Base de [Eot_]Salva.Dope· ✓ Cerrada en 17:05 · 0t muro · 1 puerta(s)
Base de masterjft· ✓ Cerrada en 18:09 · 24t muro · sin puerta
Terreno inicial suavizado · ◌ = hueco del cierre detectado · pasá el cursor para detalles
Inputs por minuto
— erich_hub - - Mushu
Build order — erich_hub
Primeras 150 de 298 acciones detectadas
| 0:00 | Crear | Villager (Male) |
| 0:01 | Crear | Villager (Male) |
| 0:01 | Crear | Villager (Male) |
| 0:02 | Construir | House |
| 0:04 | Construir | House |
| 0:46 | Investigar | Loom |
| 0:50 | Crear | Villager (Male) |
| 1:21 | Construir | Palisade Wall |
| 1:24 | Construir | Palisade Wall |
| 1:37 | Crear | Villager (Male) |
| 1:37 | Crear | Villager (Male) |
| 2:24 | Construir | House |
| 2:41 | Crear | Villager (Male) |
| 2:51 | Construir | Palisade Wall |
| 2:53 | Construir | Palisade Wall |
| 2:54 | Construir | Palisade Wall |
| 2:55 | Construir | Palisade Wall |
| 3:01 | Crear | Villager (Male) |
| 3:01 | Crear | Villager (Male) |
| 3:13 | Crear | Villager (Male) |
| 3:28 | Construir | Palisade Wall |
| 3:33 | Construir | Palisade Wall |
| 4:00 | Construir | Palisade Wall |
| 4:18 | Crear | Villager (Male) |
| 4:18 | Crear | Villager (Male) |
| 4:45 | Crear | Villager (Male) |
| 5:08 | Crear | Villager (Male) |
| 5:19 | Construir | House |
| 5:37 | Construir | Palisade Wall |
| 5:40 | Construir | Palisade Wall |
| 5:44 | Construir | Palisade Wall |
| 5:52 | Construir | House |
| 6:02 | Crear | Villager (Male) |
| 6:02 | Crear | Villager (Male) |
| 6:04 | Construir | House |
| 6:07 | Construir | House |
| 6:16 | Crear | Villager (Male) |
| 6:24 | Construir | Palisade Wall |
| 6:28 | Construir | Palisade Wall |
| 6:29 | Construir | Palisade Wall |
| 6:30 | Construir | Palisade Wall |
| 6:31 | Construir | Palisade Wall |
| 6:35 | Crear | Villager (Male) |
| 6:54 | Construir | Lumber Camp |
| 7:27 | Crear | Villager (Male) |
| 7:28 | Crear | Villager (Male) |
| 7:45 | Construir | Palisade Wall |
| 7:57 | Construir | Palisade Wall |
| 7:58 | Construir | Palisade Wall |
| 8:07 | Crear | Villager (Male) |
| 8:10 | Construir | Palisade Wall |
| 8:20 | Construir | Palisade Wall |
| 8:53 | Crear | Villager (Male) |
| 9:09 | Crear | Villager (Male) |
| 9:39 | Crear | Villager (Male) |
| 9:53 | Construir | Mill |
| 9:55 | Crear | Villager (Male) |
| 10:19 | Construir | House |
| 10:27 | Crear | Villager (Male) |
| 10:38 | Investigar | Feudal Age |
| 10:44 | Construir | Mining Camp |
| 11:40 | Construir | Dock |
| 12:12 | Crear | Villager (Male) |
| 12:12 | Crear | Villager (Male) |
| 12:51 | Edad | Edad Feudal |
| 12:59 | Construir | Market |
| 13:09 | Construir | Blacksmith |
| 13:36 | Construir | Lumber Camp |
| 13:46 | Investigar | Castle Age |
| 14:13 | Investigar | Double-Bit Axe |
| 14:15 | Crear | Fishing Ship |
| 14:40 | Construir | Stone Wall |
| 14:44 | Construir | Stone Wall |
| 14:46 | Construir | Stone Wall |
| 14:46 | Construir | Stone Wall |
| 14:50 | Construir | Stone Wall |
| 14:55 | Crear | Fishing Ship |
| 15:05 | Crear | Villager (Male) |
| 15:26 | Crear | Fishing Ship |
| 15:29 | Investigar | Tech 906 |
| 15:42 | Construir | Outpost |
| 16:05 | Construir | Outpost |
| 16:12 | Construir | House |
| 16:18 | Construir | House |
| 16:21 | Crear | Fishing Ship |
| 16:26 | Edad | Edad de los Castillos |
| 16:38 | Construir | Town Center |
| 16:41 | Investigar | Bow Saw |
| 16:51 | Crear | Villager (Male) |
| 16:53 | Construir | Monastery |
| 17:11 | Crear | Villager (Male) |
| 17:27 | Crear | Fishing Ship |
| 17:32 | Construir | Dock |
| 17:39 | Crear | Villager (Male) |
| 17:48 | Crear | Monk |
| 18:15 | Crear | Villager (Male) |
| 18:15 | Crear | Villager (Male) |
| 18:20 | Construir | Dock |
| 18:24 | Investigar | Gillnets |
| 18:28 | Crear | Villager (Male) |
| 18:34 | Crear | Villager (Male) |
| 18:41 | Crear | Fishing Ship |
| 18:45 | Construir | Fish Trap |
| 18:51 | Crear | Fishing Ship |
| 18:59 | Crear | Villager (Male) |
| 19:07 | Construir | House |
| 19:09 | Construir | House |
| 19:12 | Construir | House |
| 19:13 | Crear | Fishing Ship |
| 19:15 | Crear | Villager (Male) |
| 19:15 | Crear | Villager (Male) |
| 19:29 | Crear | Villager (Male) |
| 19:30 | Crear | Fishing Ship |
| 19:38 | Crear | Villager (Male) |
| 19:44 | Construir | House |
| 19:45 | Construir | House |
| 19:46 | Construir | House |
| 19:56 | Crear | Fishing Ship |
| 19:56 | Crear | Fishing Ship |
| 20:05 | Construir | Dock |
| 20:08 | Investigar | Town Watch |
| 20:09 | Investigar | Town Watch |
| 20:10 | Crear | Villager (Male) |
| 20:16 | Construir | Town Center |
| 20:23 | Crear | Fishing Ship |
| 20:25 | Construir | Fish Trap |
| 20:31 | Crear | Villager (Male) |
| 20:40 | Construir | Fish Trap |
| 20:50 | Crear | Villager (Male) |
| 20:52 | Crear | Fishing Ship |
| 20:52 | Crear | Fishing Ship |
| 20:53 | Crear | Villager (Male) |
| 20:58 | Construir | Fish Trap |
| 21:00 | Construir | House |
| 21:03 | Construir | Fish Trap |
| 21:05 | Crear | Fishing Ship |
| 21:12 | Construir | Fish Trap |
| 21:16 | Construir | House |
| 21:19 | Crear | Villager (Male) |
| 21:37 | Construir | Fish Trap |
| 21:38 | Crear | Fishing Ship |
| 21:38 | Crear | Fishing Ship |
| 21:40 | Crear | Villager (Male) |
| 21:45 | Crear | Villager (Male) |
| 21:58 | Construir | House |
| 21:59 | Construir | House |
| 22:00 | Crear | Villager (Male) |
| 22:01 | Crear | Fishing Ship |
| 22:01 | Crear | Fishing Ship |
| 22:02 | Crear | Fishing Ship |
Build order — Mushu
Primeras 150 de 307 acciones detectadas
| 0:02 | Crear | Villager (Male) ×4 |
| 0:03 | Construir | House |
| 0:05 | Construir | House |
| 0:33 | Investigar | Loom |
| 0:33 | Crear | Villager (Male) |
| 0:58 | Crear | Villager (Male) |
| 1:44 | Construir | Palisade Wall |
| 1:45 | Construir | Palisade Wall |
| 1:54 | Crear | Villager (Male) |
| 2:05 | Construir | Palisade Wall |
| 2:12 | Construir | Palisade Wall |
| 2:15 | Construir | Palisade Wall |
| 2:19 | Construir | Palisade Wall |
| 2:25 | Construir | Palisade Wall |
| 2:26 | Crear | Villager (Male) |
| 2:37 | Construir | Palisade Wall |
| 2:46 | Construir | Palisade Wall |
| 2:48 | Crear | Villager (Male) |
| 3:25 | Crear | Villager (Male) |
| 3:38 | Construir | Lumber Camp |
| 3:51 | Crear | Villager (Male) |
| 4:10 | Crear | Villager (Male) |
| 4:27 | Crear | Villager (Male) |
| 4:31 | Construir | Lumber Camp |
| 5:03 | Crear | Villager (Male) |
| 5:10 | Construir | House |
| 5:26 | Crear | Villager (Male) ×2 |
| 6:00 | Crear | Villager (Male) |
| 6:35 | Construir | Mill |
| 6:42 | Crear | Villager (Male) |
| 7:00 | Construir | House |
| 7:30 | Crear | Villager (Male) |
| 7:31 | Crear | Villager (Male) |
| 7:31 | Crear | Villager (Male) |
| 8:46 | Crear | Villager (Male) |
| 8:46 | Crear | Villager (Male) |
| 8:48 | Construir | Mining Camp |
| 8:53 | Construir | House |
| 9:39 | Investigar | Feudal Age |
| 10:24 | Construir | House |
| 11:40 | Crear | Villager (Male) |
| 11:41 | Crear | Villager (Male) |
| 11:49 | Edad | Edad Feudal |
| 11:52 | Construir | Market |
| 11:54 | Construir | Blacksmith |
| 12:04 | Investigar | Double-Bit Axe |
| 12:17 | Construir | Stone Wall |
| 12:50 | Investigar | Castle Age |
| 14:34 | Investigar | Tech 1014 |
| 15:26 | Construir | Outpost |
| 15:30 | Crear | Villager (Male) |
| 15:30 | Edad | Edad de los Castillos |
| 15:31 | Crear | Villager (Male) |
| 15:39 | Construir | Town Center |
| 15:42 | Investigar | Bow Saw |
| 15:45 | Construir | Town Center |
| 16:08 | Investigar | Tech 1013 |
| 16:10 | Construir | Pasture |
| 16:22 | Crear | Villager (Male) |
| 16:24 | Construir | Pasture |
| 16:35 | Crear | Villager (Male) |
| 16:51 | Construir | Pasture |
| 17:01 | Crear | Villager (Male) |
| 17:14 | Crear | Villager (Male) |
| 17:27 | Construir | Pasture |
| 17:31 | Construir | Pasture |
| 17:32 | Crear | Villager (Male) |
| 17:33 | Crear | Villager (Male) |
| 17:44 | Crear | Villager (Male) |
| 17:47 | Crear | Villager (Male) |
| 17:51 | Construir | Pasture |
| 17:56 | Construir | Pasture |
| 18:00 | Crear | Villager (Male) |
| 18:00 | Crear | Villager (Male) |
| 18:04 | Crear | Villager (Male) |
| 18:13 | Crear | Villager (Male) |
| 18:13 | Crear | Villager (Male) |
| 18:17 | Construir | Pasture |
| 18:29 | Crear | Villager (Male) |
| 18:36 | Crear | Villager (Male) |
| 18:36 | Crear | Villager (Male) |
| 18:47 | Construir | Town Center |
| 18:49 | Crear | Villager (Male) |
| 18:51 | Crear | Villager (Male) |
| 18:51 | Crear | Villager (Male) |
| 19:01 | Construir | Pasture |
| 19:02 | Crear | Villager (Male) |
| 19:02 | Crear | Villager (Male) |
| 19:12 | Construir | House |
| 19:14 | Construir | House |
| 19:15 | Crear | Villager (Male) |
| 19:15 | Crear | Villager (Male) |
| 19:16 | Crear | Villager (Male) |
| 19:26 | Investigar | Town Watch |
| 19:30 | Crear | Villager (Male) |
| 19:30 | Crear | Villager (Male) |
| 19:41 | Construir | Pasture |
| 19:47 | Construir | House |
| 19:50 | Construir | House |
| 19:50 | Construir | House |
| 19:51 | Crear | Villager (Male) |
| 19:52 | Crear | Villager (Male) |
| 19:52 | Crear | Villager (Male) |
| 20:01 | Crear | Villager (Male) |
| 20:05 | Construir | Pasture |
| 20:12 | Crear | Villager (Male) |
| 20:20 | Construir | Pasture |
| 20:21 | Crear | Villager (Male) |
| 20:22 | Crear | Villager (Male) |
| 20:22 | Crear | Villager (Male) |
| 20:26 | Construir | Pasture |
| 20:29 | Crear | Villager (Male) |
| 20:40 | Construir | Pasture |
| 20:41 | Crear | Villager (Male) |
| 20:42 | Crear | Villager (Male) |
| 20:53 | Crear | Villager (Male) |
| 20:55 | Crear | Villager (Male) |
| 21:00 | Construir | Pasture |
| 21:02 | Crear | Villager (Male) |
| 21:05 | Construir | Pasture |
| 21:07 | Crear | Villager (Male) |
| 21:15 | Construir | Pasture |
| 21:16 | Crear | Villager (Male) |
| 21:17 | Crear | Villager (Male) |
| 21:24 | Crear | Villager (Male) |
| 21:24 | Crear | Villager (Male) |
| 21:29 | Construir | Pasture |
| 21:31 | Crear | Villager (Male) |
| 21:48 | Construir | Mining Camp |
| 21:50 | Crear | Villager (Male) |
| 22:01 | Crear | Villager (Male) |
| 22:01 | Crear | Villager (Male) |
| 22:04 | Crear | Villager (Male) |
| 22:07 | Construir | Pasture |
| 22:14 | Crear | Villager (Male) |
| 22:14 | Crear | Villager (Male) |
| 22:17 | Investigar | Wheelbarrow |
| 22:25 | Crear | Villager (Male) |
| 22:35 | Crear | Villager (Male) |
| 22:39 | Construir | House |
| 22:40 | Construir | House |
| 22:41 | Crear | Villager (Male) |
| 22:49 | Construir | Monastery |
| 22:50 | Crear | Villager (Male) |
| 23:02 | Crear | Villager (Male) |
| 23:03 | Crear | Villager (Male) |
| 23:03 | Crear | Villager (Male) |
| 23:13 | Investigar | Gold Mining |
| 23:14 | Investigar | Stone Mining |
| 23:16 | Crear | Villager (Male) |
Build order — Trazbon
Primeras 150 de 377 acciones detectadas
| 0:00 | Crear | Villager (Male) |
| 0:01 | Crear | Villager (Male) |
| 0:01 | Crear | Villager (Male) |
| 0:02 | Construir | House |
| 0:04 | Construir | House |
| 0:13 | Crear | Villager (Male) |
| 0:15 | Investigar | Loom |
| 0:16 | Crear | Villager (Male) |
| 0:47 | Crear | Villager (Male) |
| 0:58 | Crear | Villager (Male) |
| 1:08 | Construir | Palisade Wall |
| 1:50 | Crear | Villager (Male) |
| 2:29 | Crear | Villager (Male) |
| 2:58 | Crear | Villager (Male) |
| 3:30 | Crear | Villager (Male) |
| 3:55 | Construir | Palisade Wall |
| 3:56 | Construir | Palisade Wall |
| 3:57 | Crear | Villager (Male) |
| 4:07 | Construir | Palisade Wall |
| 4:12 | Construir | Palisade Wall |
| 4:36 | Crear | Villager (Male) |
| 4:50 | Construir | Palisade Wall |
| 4:51 | Construir | Palisade Wall |
| 4:55 | Crear | Villager (Male) |
| 5:09 | Construir | House |
| 5:13 | Construir | Palisade Wall |
| 5:17 | Crear | Villager (Male) |
| 5:38 | Crear | Villager (Male) |
| 6:05 | Crear | Villager (Male) |
| 6:24 | Crear | Villager (Male) |
| 6:35 | Construir | Palisade Wall |
| 6:47 | Construir | Palisade Wall |
| 6:59 | Construir | Lumber Camp |
| 7:00 | Crear | Villager (Male) |
| 7:02 | Crear | Villager (Male) |
| 7:09 | Construir | House |
| 7:20 | Crear | Villager (Male) |
| 7:28 | Crear | Villager (Male) |
| 7:32 | Crear | Villager (Male) |
| 7:47 | Construir | Palisade Wall |
| 7:47 | Construir | Palisade Wall |
| 7:48 | Construir | Palisade Wall |
| 7:49 | Construir | Palisade Wall |
| 7:49 | Crear | Villager (Male) |
| 8:07 | Crear | Villager (Male) |
| 8:26 | Crear | Villager (Male) |
| 8:44 | Construir | Palisade Wall |
| 9:04 | Construir | Palisade Wall |
| 9:05 | Construir | Palisade Wall |
| 9:15 | Construir | Palisade Wall |
| 9:26 | Crear | Villager (Male) |
| 9:52 | Crear | Villager (Male) |
| 10:07 | Construir | Palisade Wall |
| 10:19 | Construir | House |
| 10:28 | Crear | Villager (Male) |
| 10:33 | Construir | Mill |
| 11:09 | Investigar | Feudal Age |
| 11:18 | Construir | Barracks |
| 11:19 | Construir | House |
| 11:50 | Construir | Mining Camp |
| 11:55 | Crear | Villager (Male) |
| 12:02 | Construir | House |
| 12:13 | Crear | Villager (Male) |
| 12:20 | Construir | Palisade Wall |
| 12:21 | Construir | Palisade Wall |
| 12:27 | Crear | Militia |
| 12:27 | Crear | Militia |
| 12:28 | Crear | Militia |
| 12:29 | Edad | Edad Feudal |
| 12:36 | Construir | Mining Camp |
| 12:47 | Construir | House |
| 12:48 | Construir | House |
| 12:57 | Crear | Villager (Male) |
| 13:11 | Crear | Villager (Male) |
| 13:15 | Crear | Militia |
| 13:32 | Crear | Militia |
| 13:45 | Crear | Villager (Male) |
| 13:54 | Crear | Villager (Male) |
| 14:01 | Construir | Watch Tower |
| 14:05 | Investigar | Man-at-Arms (upgrade) |
| 14:18 | Crear | Villager (Male) |
| 14:26 | Construir | Lumber Camp |
| 14:28 | Investigar | Horse Collar |
| 14:29 | Investigar | Double-Bit Axe |
| 14:29 | Investigar | Double-Bit Axe |
| 14:57 | Crear | Villager (Male) |
| 14:59 | Construir | Farm |
| 15:06 | Construir | Farm |
| 15:30 | Crear | Villager (Male) |
| 15:32 | Construir | Farm |
| 15:33 | Construir | Farm |
| 16:05 | Construir | Farm |
| 16:06 | Construir | Farm |
| 16:07 | Construir | Farm |
| 16:11 | Crear | Villager (Male) |
| 16:25 | Crear | Villager (Male) |
| 16:33 | Crear | Villager (Male) |
| 16:44 | Construir | Farm |
| 16:58 | Construir | Farm |
| 17:01 | Construir | Farm |
| 17:04 | Construir | Market |
| 17:22 | Crear | Villager (Male) |
| 17:53 | Crear | Villager (Male) |
| 18:07 | Construir | Blacksmith |
| 18:10 | Construir | Farm |
| 18:12 | Construir | Farm |
| 18:42 | Crear | Villager (Male) |
| 19:10 | Construir | Farm |
| 19:24 | Investigar | Castle Age |
| 19:41 | Construir | Watch Tower |
| 20:52 | Construir | Outpost |
| 20:54 | Construir | Stone Wall |
| 21:00 | Edad | Edad de los Castillos |
| 21:02 | Crear | Villager (Male) |
| 21:05 | Construir | Town Center |
| 21:09 | Construir | House |
| 21:24 | Construir | Town Center |
| 21:28 | Crear | Villager (Male) |
| 21:28 | Crear | Villager (Male) |
| 21:53 | Construir | Monastery |
| 21:56 | Construir | House |
| 21:56 | Construir | House |
| 21:58 | Construir | House |
| 21:59 | Crear | Villager (Male) |
| 22:03 | Crear | Villager (Male) |
| 22:12 | Investigar | Bow Saw |
| 22:16 | Investigar | Heavy Plow |
| 22:23 | Construir | Farm |
| 22:32 | Construir | Farm |
| 22:32 | Construir | Farm |
| 22:33 | Construir | Farm |
| 22:35 | Construir | Farm |
| 22:39 | Crear | Villager (Male) |
| 22:44 | Construir | Farm |
| 22:45 | Construir | Farm |
| 22:48 | Crear | Villager (Male) |
| 22:49 | Crear | Villager (Male) |
| 22:51 | Crear | Villager (Male) |
| 22:56 | Crear | Villager (Male) |
| 22:59 | Crear | Villager (Male) |
| 23:01 | Construir | Stone Wall |
| 23:05 | Crear | Villager (Male) |
| 23:08 | Construir | House |
| 23:08 | Construir | House |
| 23:09 | Crear | Monk |
| 23:27 | Crear | Villager (Male) |
| 23:27 | Crear | Villager (Male) |
| 23:49 | Crear | Villager (Male) |
| 23:52 | Construir | Farm |
| 23:53 | Construir | Farm |
Build order — 大葱鸭
Primeras 150 de 394 acciones detectadas
| 0:01 | Crear | Villager (Male) |
| 0:01 | Crear | Villager (Male) |
| 0:01 | Crear | Villager (Male) |
| 0:02 | Construir | House |
| 0:04 | Construir | House |
| 0:54 | Crear | Villager (Male) |
| 0:54 | Crear | Villager (Male) |
| 1:26 | Crear | Villager (Male) |
| 1:26 | Crear | Villager (Male) |
| 2:00 | Construir | Settlement |
| 2:01 | Crear | Villager (Male) |
| 2:01 | Crear | Villager (Male) |
| 2:19 | Crear | Villager (Male) |
| 2:50 | Crear | Villager (Male) |
| 3:19 | Crear | Villager (Male) |
| 3:49 | Crear | Villager (Male) |
| 3:49 | Crear | Villager (Male) |
| 4:04 | Crear | Villager (Male) |
| 4:05 | Crear | Villager (Male) |
| 4:22 | Crear | Villager (Male) |
| 4:44 | Crear | Villager (Male) |
| 4:45 | Crear | Villager (Male) |
| 4:46 | Crear | Villager (Male) |
| 5:06 | Crear | Villager (Male) |
| 5:33 | Construir | Settlement |
| 6:04 | Crear | Villager (Male) |
| 6:35 | Crear | Villager (Male) |
| 6:36 | Crear | Villager (Male) |
| 6:36 | Crear | Villager (Male) |
| 6:50 | Crear | Villager (Male) |
| 7:04 | Crear | Villager (Male) |
| 8:01 | Crear | Villager (Male) |
| 8:41 | Investigar | Feudal Age |
| 9:02 | Construir | Settlement |
| 9:22 | Crear | Villager (Male) |
| 10:22 | Crear | Villager (Male) |
| 10:59 | Edad | Edad Feudal |
| 11:01 | Construir | Market |
| 11:03 | Construir | Blacksmith |
| 11:26 | Investigar | Horse Collar |
| 11:29 | Investigar | Double-Bit Axe |
| 11:45 | Investigar | Horse Collar |
| 11:55 | Investigar | Castle Age |
| 11:55 | Investigar | Castle Age |
| 12:05 | Construir | Farm |
| 12:42 | Crear | Villager (Male) |
| 13:38 | Crear | Villager (Male) |
| 14:09 | Construir | Farm |
| 14:10 | Construir | Farm |
| 14:35 | Edad | Edad de los Castillos |
| 14:40 | Construir | Town Center |
| 14:47 | Construir | Town Center |
| 14:52 | Investigar | Bow Saw |
| 15:09 | Crear | Villager (Male) |
| 15:24 | Investigar | Heavy Plow |
| 15:27 | Crear | Villager (Male) |
| 15:45 | Construir | Farm |
| 15:48 | Construir | Farm |
| 15:54 | Crear | Villager (Male) |
| 16:08 | Construir | Farm |
| 16:10 | Crear | Villager (Male) |
| 16:12 | Crear | Villager (Male) |
| 16:14 | Construir | Farm |
| 16:18 | Crear | Villager (Male) |
| 16:21 | Construir | Farm |
| 16:36 | Construir | Farm |
| 16:37 | Crear | Villager (Male) |
| 16:39 | Crear | Villager (Male) |
| 16:42 | Construir | Farm |
| 16:47 | Crear | Villager (Male) |
| 16:51 | Construir | Farm |
| 16:53 | Crear | Villager (Male) |
| 17:03 | Crear | Villager (Male) |
| 17:08 | Crear | Villager (Male) |
| 17:11 | Construir | Farm |
| 17:14 | Construir | Farm |
| 17:16 | Construir | Farm |
| 17:18 | Construir | Farm |
| 17:18 | Crear | Villager (Male) |
| 17:22 | Investigar | Wheelbarrow |
| 17:26 | Construir | Farm |
| 17:26 | Crear | Villager (Male) |
| 17:28 | Construir | Farm |
| 17:35 | Construir | Farm |
| 17:36 | Crear | Villager (Male) |
| 17:47 | Construir | Farm |
| 17:49 | Construir | Farm |
| 17:56 | Construir | Farm |
| 17:58 | Crear | Villager (Male) |
| 18:13 | Crear | Villager (Male) |
| 18:22 | Crear | Villager (Male) |
| 18:37 | Construir | Town Center |
| 18:38 | Crear | Villager (Male) |
| 18:42 | Construir | Farm |
| 18:43 | Construir | Farm |
| 18:46 | Crear | Villager (Male) |
| 18:47 | Crear | Villager (Male) |
| 18:50 | Construir | Farm |
| 18:57 | Crear | Villager (Male) |
| 19:00 | Construir | Farm |
| 19:07 | Crear | Villager (Male) |
| 19:10 | Construir | Farm |
| 19:10 | Crear | Villager (Male) |
| 19:13 | Crear | Villager (Male) |
| 19:17 | Construir | Farm |
| 19:19 | Crear | Villager (Male) |
| 19:27 | Construir | Farm |
| 19:30 | Construir | Farm |
| 19:31 | Crear | Villager (Male) |
| 19:35 | Crear | Villager (Male) |
| 19:43 | Construir | House |
| 19:43 | Construir | House |
| 19:46 | Crear | Villager (Male) |
| 19:55 | Crear | Villager (Male) |
| 19:59 | Investigar | Gold Mining |
| 20:01 | Crear | Villager (Male) |
| 20:03 | Construir | Farm |
| 20:08 | Crear | Villager (Male) |
| 20:10 | Crear | Villager (Male) |
| 20:11 | Construir | Farm |
| 20:13 | Construir | Farm |
| 20:14 | Construir | Farm |
| 20:17 | Crear | Villager (Male) |
| 20:17 | Crear | Villager (Male) |
| 20:21 | Crear | Villager (Male) |
| 20:28 | Construir | House |
| 20:31 | Construir | House |
| 20:33 | Crear | Villager (Male) |
| 20:34 | Construir | Farm |
| 20:47 | Crear | Villager (Male) |
| 20:48 | Crear | Villager (Male) |
| 20:49 | Crear | Villager (Male) |
| 20:54 | Investigar | Hand Cart |
| 20:54 | Investigar | Hand Cart |
| 21:02 | Construir | Farm |
| 21:03 | Crear | Villager (Male) |
| 21:03 | Crear | Villager (Male) |
| 21:11 | Crear | Villager (Male) |
| 21:16 | Construir | Farm |
| 21:18 | Construir | Farm |
| 21:19 | Construir | Farm |
| 21:22 | Crear | Villager (Male) |
| 21:29 | Construir | Monastery |
| 21:33 | Construir | Monastery |
| 21:36 | Crear | Villager (Male) |
| 21:45 | Construir | Farm |
| 21:48 | Construir | Farm |
| 21:49 | Crear | Villager (Male) |
| 21:51 | Construir | House |
| 21:51 | Construir | House |
Build order — MasterProber
Primeras 150 de 228 acciones detectadas
| 0:01 | Crear | Villager (Male) |
| 0:02 | Crear | Villager (Male) |
| 0:02 | Crear | Villager (Male) |
| 0:03 | Construir | House |
| 0:04 | Construir | House |
| 0:16 | Crear | Villager (Male) |
| 0:19 | Investigar | Loom |
| 0:36 | Crear | Villager (Male) |
| 1:02 | Crear | Villager (Male) |
| 1:39 | Crear | Villager (Male) |
| 2:08 | Construir | Palisade Wall |
| 2:10 | Construir | Palisade Wall |
| 2:11 | Construir | Palisade Wall |
| 2:13 | Construir | Palisade Wall |
| 2:21 | Crear | Villager (Male) |
| 2:44 | Construir | Palisade Wall |
| 2:47 | Construir | Palisade Wall |
| 2:48 | Construir | Palisade Wall |
| 2:57 | Crear | Villager (Male) |
| 3:11 | Construir | Palisade Wall |
| 3:13 | Construir | Palisade Wall |
| 3:43 | Crear | Villager (Male) |
| 4:55 | Construir | Palisade Wall |
| 4:56 | Construir | Palisade Wall |
| 4:57 | Construir | Palisade Wall |
| 4:58 | Construir | Palisade Wall |
| 4:59 | Construir | Palisade Wall |
| 5:01 | Construir | Palisade Wall |
| 5:02 | Crear | Villager (Male) |
| 5:06 | Construir | Palisade Wall |
| 5:10 | Construir | Palisade Wall |
| 5:13 | Construir | Palisade Wall |
| 5:15 | Construir | Palisade Wall |
| 5:17 | Construir | Palisade Wall |
| 5:20 | Construir | Palisade Wall |
| 5:29 | Construir | Palisade Wall |
| 5:30 | Crear | Villager (Male) |
| 5:44 | Construir | Lumber Camp |
| 5:52 | Crear | Villager (Male) |
| 6:13 | Construir | Palisade Wall |
| 6:16 | Construir | Palisade Wall |
| 6:19 | Construir | Palisade Wall |
| 6:23 | Crear | Villager (Male) |
| 6:52 | Crear | Villager (Male) |
| 6:55 | Construir | House |
| 7:11 | Construir | Palisade Wall |
| 7:27 | Crear | Villager (Male) |
| 7:42 | Crear | Villager (Male) |
| 7:48 | Construir | House |
| 8:01 | Construir | Palisade Wall |
| 8:04 | Crear | Villager (Male) |
| 8:06 | Construir | Mill |
| 8:24 | Crear | Villager (Male) |
| 9:00 | Crear | Villager (Male) |
| 9:01 | Crear | Villager (Male) |
| 9:44 | Crear | Villager (Male) |
| 10:06 | Construir | Mining Camp |
| 10:09 | Crear | Villager (Male) |
| 10:52 | Crear | Villager (Male) |
| 11:22 | Investigar | Feudal Age |
| 11:47 | Construir | Lumber Camp |
| 12:08 | Construir | Palisade Wall |
| 12:08 | Construir | Palisade Wall |
| 12:12 | Construir | Palisade Wall |
| 12:18 | Construir | Palisade Wall |
| 12:26 | Construir | Palisade Wall |
| 12:54 | Construir | Dock |
| 13:01 | Construir | House |
| 13:16 | Crear | Villager (Male) |
| 13:16 | Crear | Villager (Male) |
| 13:32 | Edad | Edad Feudal |
| 13:39 | Construir | Stone Wall |
| 13:55 | Construir | Market |
| 13:57 | Construir | House |
| 14:08 | Construir | Stone Wall |
| 14:14 | Construir | Stone Wall |
| 14:18 | Construir | Stone Wall |
| 14:21 | Construir | Stone Wall |
| 14:25 | Construir | Stone Wall |
| 14:31 | Construir | Blacksmith |
| 14:32 | Crear | Villager (Male) |
| 14:32 | Crear | Villager (Male) |
| 15:09 | Construir | Watch Tower |
| 15:24 | Construir | House |
| 15:25 | Crear | Villager (Male) ×5 |
| 15:43 | Construir | House |
| 15:48 | Crear | Fishing Ship |
| 15:48 | Crear | Fishing Ship |
| 16:17 | Construir | Stone Wall |
| 16:50 | Investigar | Fletching |
| 16:52 | Crear | Villager (Male) |
| 16:55 | Construir | House |
| 16:55 | Crear | Fishing Ship ×2 |
| 16:57 | Crear | Fishing Ship |
| 17:11 | Construir | Mining Camp |
| 17:42 | Construir | Stone Wall |
| 17:59 | Crear | Villager (Male) |
| 18:20 | Construir | Watch Tower |
| 18:22 | Crear | Villager (Male) |
| 18:24 | Crear | Fishing Ship |
| 18:24 | Crear | Fishing Ship |
| 18:24 | Crear | Fishing Ship |
| 18:27 | Construir | House |
| 18:28 | Construir | House |
| 18:45 | Construir | Watch Tower |
| 18:58 | Crear | Villager (Male) ×5 |
| 19:38 | Crear | Fishing Ship |
| 19:41 | Construir | House |
| 19:41 | Construir | House |
| 20:00 | Construir | Farm |
| 20:01 | Construir | Farm |
| 20:02 | Construir | Farm |
| 20:35 | Construir | Dock |
| 20:43 | Construir | Fish Trap |
| 20:47 | Construir | Fish Trap |
| 20:49 | Crear | Villager (Male) |
| 21:24 | Construir | Fish Trap |
| 21:27 | Construir | House |
| 21:28 | Crear | Fishing Ship |
| 22:47 | Construir | House |
| 22:48 | Crear | Fishing Ship ×5 |
| 23:07 | Investigar | Castle Age |
| 23:26 | Construir | House |
| 23:38 | Construir | Fish Trap |
| 23:40 | Construir | Fish Trap |
| 23:43 | Construir | Fish Trap |
| 24:10 | Construir | Outpost |
| 24:11 | Construir | House |
| 24:16 | Investigar | Tech 906 |
| 24:32 | Construir | Lumber Camp |
| 25:03 | Investigar | Scale Mail Armor |
| 25:05 | Construir | House |
| 25:07 | Crear | Fishing Ship ×2 |
| 25:37 | Investigar | Double-Bit Axe |
| 25:41 | Construir | House |
| 25:44 | Construir | Fish Trap |
| 25:47 | Edad | Edad de los Castillos |
| 26:04 | Construir | Castle |
| 26:22 | Construir | Siege Workshop |
| 26:27 | Construir | House |
| 26:29 | Crear | Fishing Ship ×2 |
| 26:34 | Investigar | Wheelbarrow |
| 26:52 | Construir | Lumber Camp |
| 27:03 | Crear | Gbeto ×5 |
| 27:03 | Crear | Gbeto ×5 |
| 27:13 | Construir | Gate |
| 27:24 | Crear | Battering Ram |
| 27:32 | Crear | Villager (Male) ×5 |
| 27:49 | Construir | Stone Wall |
| 28:11 | Crear | Villager (Male) |
Build order — titumir
Primeras 150 de 402 acciones detectadas
| 0:02 | Crear | Villager (Male) |
| 0:03 | Construir | House |
| 0:04 | Construir | House |
| 0:12 | Crear | Villager (Male) |
| 0:13 | Crear | Villager (Male) |
| 0:35 | Crear | Villager (Male) |
| 1:24 | Crear | Villager (Male) |
| 1:51 | Crear | Villager (Male) |
| 2:08 | Construir | Lumber Camp |
| 2:26 | Crear | Villager (Male) |
| 2:54 | Crear | Villager (Male) |
| 2:55 | Crear | Villager (Male) |
| 2:55 | Crear | Villager (Male) |
| 3:08 | Construir | House |
| 3:24 | Construir | House |
| 3:32 | Crear | Villager (Male) |
| 3:39 | Construir | House |
| 3:56 | Crear | Villager (Male) |
| 4:38 | Crear | Villager (Male) |
| 4:54 | Crear | Villager (Male) |
| 5:03 | Crear | Villager (Male) |
| 5:46 | Crear | Villager (Male) |
| 6:13 | Crear | Villager (Male) |
| 6:20 | Crear | Villager (Male) |
| 6:30 | Crear | Villager (Male) |
| 6:51 | Investigar | Loom |
| 6:58 | Crear | Villager (Male) |
| 7:21 | Crear | Villager (Male) |
| 8:01 | Crear | Villager (Male) |
| 8:24 | Crear | Villager (Male) |
| 8:59 | Crear | Villager (Male) |
| 9:17 | Construir | Mining Camp |
| 9:27 | Crear | Villager (Male) |
| 9:41 | Crear | Villager (Male) |
| 10:03 | Investigar | Feudal Age |
| 10:04 | Investigar | Feudal Age |
| 10:45 | Crear | Villager (Male) |
| 11:02 | Construir | Mill |
| 11:16 | Construir | Mill |
| 11:45 | Construir | House |
| 12:27 | Edad | Edad Feudal |
| 12:27 | Crear | Villager (Male) |
| 12:31 | Construir | Blacksmith |
| 12:35 | Construir | Market |
| 12:53 | Investigar | Double-Bit Axe |
| 13:09 | Crear | Villager (Male) |
| 13:17 | Investigar | Horse Collar |
| 13:23 | Investigar | Castle Age |
| 13:24 | Investigar | Castle Age |
| 13:45 | Construir | House |
| 15:07 | Crear | Villager (Male) |
| 16:03 | Crear | Villager (Male) |
| 16:22 | Edad | Edad de los Castillos |
| 16:25 | Construir | Town Center |
| 16:37 | Construir | Town Center |
| 16:42 | Construir | Town Center |
| 16:50 | Crear | Villager (Male) |
| 16:55 | Investigar | Heavy Plow |
| 17:01 | Investigar | Bow Saw |
| 17:04 | Crear | Villager (Male) |
| 17:25 | Construir | Farm |
| 17:25 | Construir | Farm |
| 17:25 | Construir | Farm |
| 17:26 | Construir | Farm |
| 17:41 | Construir | Farm |
| 17:53 | Crear | Villager (Male) |
| 18:22 | Crear | Villager (Male) |
| 18:23 | Crear | Villager (Male) |
| 18:27 | Construir | Farm |
| 18:27 | Construir | Farm |
| 18:35 | Crear | Villager (Male) |
| 18:36 | Crear | Villager (Male) |
| 18:39 | Crear | Villager (Male) |
| 18:39 | Crear | Villager (Male) |
| 18:50 | Construir | Farm |
| 18:54 | Crear | Villager (Male) |
| 18:55 | Crear | Villager (Male) |
| 18:55 | Crear | Villager (Male) |
| 19:02 | Construir | Farm |
| 19:03 | Crear | Villager (Male) |
| 19:09 | Construir | Farm |
| 19:11 | Crear | Villager (Male) |
| 19:16 | Construir | Farm |
| 19:29 | Construir | Farm |
| 19:32 | Crear | Villager (Male) |
| 19:33 | Construir | Farm |
| 19:40 | Construir | Farm |
| 19:42 | Crear | Villager (Male) |
| 19:46 | Construir | Farm |
| 19:53 | Construir | Farm |
| 19:58 | Construir | Farm |
| 19:59 | Crear | Villager (Male) |
| 20:07 | Construir | House |
| 20:08 | Construir | House |
| 20:09 | Construir | House |
| 20:12 | Crear | Villager (Male) |
| 20:12 | Crear | Villager (Male) |
| 20:17 | Construir | Farm |
| 20:19 | Construir | Farm |
| 20:20 | Construir | Farm |
| 20:22 | Crear | Villager (Male) |
| 20:26 | Construir | Farm |
| 20:26 | Construir | Farm |
| 20:35 | Construir | Farm |
| 20:36 | Construir | Farm |
| 20:39 | Crear | Villager (Male) |
| 20:41 | Crear | Villager (Male) |
| 20:49 | Crear | Villager (Male) |
| 20:53 | Construir | House |
| 20:58 | Construir | House |
| 20:59 | Construir | House |
| 21:00 | Crear | Villager (Male) |
| 21:05 | Construir | Farm |
| 21:06 | Construir | Farm |
| 21:12 | Construir | Farm |
| 21:15 | Construir | Farm |
| 21:16 | Crear | Villager (Male) |
| 21:16 | Crear | Villager (Male) |
| 21:21 | Construir | Farm |
| 21:22 | Crear | Villager (Male) |
| 21:25 | Construir | Farm |
| 21:31 | Crear | Villager (Male) |
| 21:34 | Construir | Farm |
| 21:36 | Crear | Villager (Male) |
| 21:44 | Crear | Villager (Male) |
| 21:47 | Construir | Farm |
| 21:48 | Crear | Villager (Male) |
| 21:55 | Construir | Farm |
| 21:58 | Crear | Villager (Male) |
| 21:59 | Crear | Villager (Male) |
| 22:02 | Construir | Farm |
| 22:04 | Construir | Farm |
| 22:07 | Crear | Villager (Male) |
| 22:12 | Construir | Farm |
| 22:13 | Construir | Farm |
| 22:16 | Construir | Farm |
| 22:17 | Crear | Villager (Male) |
| 22:18 | Crear | Villager (Male) |
| 22:19 | Crear | Villager (Male) |
| 22:25 | Crear | Villager (Male) |
| 22:31 | Crear | Villager (Male) |
| 22:35 | Construir | Farm |
| 22:36 | Construir | Farm |
| 22:38 | Crear | Villager (Male) |
| 22:43 | Construir | Farm |
| 22:47 | Construir | Farm |
| 22:48 | Construir | Farm |
| 22:50 | Crear | Villager (Male) |
| 22:50 | Crear | Villager (Male) |
| 22:52 | Crear | Villager (Male) |
Build order — [Eot_]Salva.Dope
Primeras 150 de 404 acciones detectadas
| 0:00 | Crear | Villager (Male) |
| 0:01 | Crear | Villager (Male) |
| 0:02 | Construir | House |
| 0:03 | Construir | House |
| 0:14 | Crear | Villager (Male) |
| 0:14 | Crear | Villager (Male) |
| 1:25 | Crear | Villager (Male) |
| 1:47 | Construir | Lumber Camp |
| 1:59 | Crear | Villager (Male) |
| 3:02 | Crear | Villager (Male) |
| 3:02 | Crear | Villager (Male) |
| 3:02 | Crear | Villager (Male) |
| 3:32 | Crear | Villager (Male) |
| 3:44 | Crear | Villager (Male) |
| 3:47 | Crear | Villager (Male) |
| 4:17 | Crear | Villager (Male) |
| 4:22 | Construir | House |
| 4:51 | Crear | Villager (Male) |
| 4:57 | Construir | House |
| 5:11 | Construir | Dock |
| 5:48 | Crear | Villager (Male) |
| 6:05 | Crear | Fishing Ship |
| 6:09 | Crear | Villager (Male) |
| 6:19 | Construir | House |
| 6:38 | Crear | Villager (Male) |
| 6:38 | Crear | Villager (Male) |
| 6:41 | Crear | Fishing Ship |
| 6:54 | Crear | Villager (Male) |
| 7:11 | Crear | Fishing Ship |
| 7:48 | Crear | Villager (Male) |
| 7:54 | Crear | Fishing Ship |
| 8:18 | Crear | Villager (Male) |
| 8:37 | Construir | Lumber Camp |
| 8:43 | Crear | Villager (Male) |
| 8:53 | Crear | Fishing Ship |
| 8:53 | Crear | Fishing Ship |
| 9:11 | Crear | Villager (Male) |
| 9:11 | Crear | Villager (Male) |
| 9:21 | Construir | House |
| 9:53 | Construir | House |
| 9:54 | Construir | House |
| 10:02 | Crear | Fishing Ship |
| 10:10 | Construir | Mining Camp |
| 10:16 | Investigar | Feudal Age |
| 10:54 | Construir | House |
| 11:03 | Construir | Mill |
| 11:07 | Crear | Fishing Ship |
| 11:14 | Crear | Fishing Ship |
| 11:35 | Crear | Villager (Male) |
| 11:35 | Crear | Villager (Male) |
| 11:37 | Crear | Fishing Ship |
| 12:27 | Edad | Edad Feudal |
| 12:33 | Construir | Market |
| 12:34 | Construir | Blacksmith |
| 12:50 | Construir | Palisade Gate |
| 13:14 | Crear | Villager (Male) |
| 14:25 | Investigar | Castle Age |
| 14:52 | Investigar | Double-Bit Axe |
| 15:28 | Investigar | Tech 906 |
| 15:35 | Construir | Fish Trap |
| 15:40 | Construir | Fish Trap |
| 15:43 | Construir | Fish Trap |
| 16:11 | Construir | Fish Trap |
| 16:28 | Construir | Fish Trap |
| 16:34 | Construir | Fish Trap |
| 16:40 | Crear | Villager (Male) |
| 16:40 | Crear | Villager (Male) |
| 17:05 | Edad | Edad de los Castillos |
| 17:08 | Construir | Town Center |
| 17:11 | Construir | Town Center |
| 17:12 | Investigar | Bow Saw |
| 17:30 | Construir | Fish Trap |
| 17:34 | Crear | Villager (Male) |
| 17:34 | Crear | Villager (Male) |
| 17:35 | Crear | Villager (Male) |
| 18:10 | Construir | Siege Workshop |
| 18:19 | Crear | Villager (Male) |
| 18:23 | Crear | Villager (Male) |
| 18:23 | Crear | Villager (Male) |
| 18:30 | Crear | Villager (Male) |
| 18:30 | Crear | Villager (Male) |
| 18:31 | Crear | Villager (Male) |
| 18:31 | Crear | Villager (Male) |
| 18:31 | Crear | Villager (Male) |
| 18:37 | Construir | Dock |
| 18:42 | Crear | Fishing Ship |
| 19:01 | Crear | Villager (Male) |
| 19:01 | Crear | Villager (Male) |
| 19:04 | Crear | Fishing Ship |
| 19:08 | Construir | Fish Trap |
| 19:13 | Construir | House |
| 19:13 | Construir | House |
| 19:19 | Crear | Villager (Male) |
| 19:25 | Crear | Fishing Ship |
| 19:31 | Construir | Fish Trap |
| 19:36 | Construir | Dock |
| 19:41 | Crear | Villager (Male) |
| 19:41 | Crear | Villager (Male) |
| 19:41 | Crear | Villager (Male) |
| 19:41 | Crear | Villager (Male) |
| 19:45 | Crear | Mangonel |
| 19:51 | Construir | House |
| 19:52 | Construir | House |
| 19:53 | Crear | Villager (Male) |
| 19:59 | Investigar | Gillnets |
| 20:00 | Crear | Fishing Ship |
| 20:10 | Construir | Fish Trap |
| 20:14 | Crear | Villager (Male) |
| 20:14 | Crear | Villager (Male) |
| 20:18 | Construir | Dock |
| 20:32 | Crear | Villager (Male) |
| 20:32 | Crear | Villager (Male) |
| 20:48 | Crear | Villager (Male) |
| 20:48 | Crear | Villager (Male) |
| 20:54 | Crear | Villager (Male) |
| 21:02 | Construir | House |
| 21:02 | Construir | House |
| 21:07 | Crear | Mangonel |
| 21:08 | Crear | Villager (Male) |
| 21:09 | Crear | Fishing Ship |
| 21:09 | Crear | Fishing Ship |
| 21:15 | Construir | Fish Trap |
| 21:16 | Construir | Fish Trap |
| 21:17 | Construir | Fish Trap |
| 21:18 | Crear | Villager (Male) |
| 21:18 | Crear | Villager (Male) |
| 21:21 | Construir | House |
| 21:22 | Construir | House |
| 21:23 | Construir | House |
| 21:34 | Crear | Villager (Male) |
| 21:34 | Crear | Villager (Male) |
| 21:35 | Crear | Villager (Male) |
| 21:46 | Construir | House |
| 21:46 | Construir | House |
| 21:53 | Crear | Villager (Male) |
| 22:10 | Crear | Villager (Male) |
| 22:10 | Crear | Villager (Male) |
| 22:11 | Crear | Fishing Ship |
| 22:11 | Crear | Fishing Ship |
| 22:12 | Crear | Fishing Ship |
| 22:12 | Crear | Fishing Ship |
| 22:12 | Crear | Fishing Ship |
| 22:13 | Crear | Fishing Ship |
| 22:17 | Construir | Dock |
| 22:29 | Crear | Villager (Male) |
| 22:34 | Construir | Mining Camp |
| 22:38 | Construir | Fish Trap |
| 22:39 | Construir | Fish Trap |
| 22:42 | Crear | Fishing Ship |
| 22:43 | Crear | Fishing Ship |
Build order — masterjft
Primeras 150 de 349 acciones detectadas
| 0:01 | Crear | Villager (Male) ×4 |
| 0:03 | Construir | House |
| 0:05 | Construir | House |
| 0:15 | Investigar | Loom |
| 0:15 | Crear | Villager (Male) |
| 0:16 | Crear | Villager (Male) |
| 0:18 | Crear | Villager (Male) |
| 0:51 | Construir | Palisade Wall |
| 1:55 | Crear | Villager (Male) |
| 3:05 | Construir | Palisade Wall |
| 3:08 | Construir | Palisade Wall |
| 3:09 | Crear | Villager (Male) |
| 3:09 | Crear | Villager (Male) |
| 3:59 | Crear | Villager (Male) |
| 4:02 | Construir | Lumber Camp |
| 4:21 | Construir | Palisade Wall |
| 4:24 | Crear | Villager (Male) |
| 4:47 | Construir | Palisade Wall |
| 4:50 | Construir | Palisade Wall |
| 4:55 | Construir | Palisade Wall |
| 4:57 | Construir | Palisade Wall |
| 5:02 | Crear | Villager (Male) |
| 5:02 | Crear | Villager (Male) |
| 5:20 | Construir | Palisade Wall |
| 5:23 | Construir | Palisade Wall |
| 5:29 | Crear | Villager (Male) |
| 5:46 | Construir | House |
| 5:56 | Construir | Palisade Wall |
| 6:12 | Crear | Villager (Male) |
| 6:36 | Crear | Villager (Male) |
| 6:39 | Construir | House |
| 7:16 | Crear | Villager (Male) |
| 7:20 | Construir | House |
| 7:54 | Crear | Villager (Male) |
| 9:00 | Construir | Dock |
| 9:24 | Construir | Mill |
| 9:28 | Crear | Villager (Male) |
| 9:29 | Crear | Villager (Male) |
| 9:32 | Crear | Fishing Ship |
| 9:34 | Crear | Fishing Ship |
| 9:48 | Construir | House |
| 9:49 | Construir | House |
| 9:51 | Crear | Villager (Male) |
| 10:24 | Construir | House |
| 10:26 | Crear | Fishing Ship |
| 10:31 | Crear | Villager (Male) |
| 10:49 | Construir | House |
| 10:50 | Construir | House |
| 10:55 | Crear | Villager (Male) |
| 11:23 | Crear | Villager (Male) |
| 11:28 | Investigar | Feudal Age |
| 11:39 | Crear | Fishing Ship |
| 12:36 | Construir | Mining Camp |
| 12:50 | Crear | Fishing Ship |
| 13:27 | Crear | Villager (Male) |
| 13:28 | Crear | Villager (Male) |
| 13:44 | Edad | Edad Feudal |
| 13:48 | Construir | Stone Wall |
| 14:00 | Construir | Market |
| 14:21 | Crear | Villager (Male) |
| 14:53 | Construir | Blacksmith |
| 14:55 | Crear | Villager (Male) |
| 15:29 | Investigar | Castle Age |
| 15:34 | Investigar | Double-Bit Axe |
| 16:02 | Construir | Outpost |
| 16:37 | Crear | Fishing Ship |
| 16:49 | Construir | Dock |
| 16:51 | Crear | Villager (Male) |
| 17:09 | Crear | Villager (Male) |
| 17:26 | Investigar | Tech 906 |
| 17:29 | Construir | Fish Trap |
| 17:43 | Construir | Fish Trap |
| 17:46 | Crear | Fishing Ship |
| 17:46 | Crear | Fishing Ship |
| 17:48 | Construir | House |
| 18:09 | Edad | Edad de los Castillos |
| 18:24 | Construir | Town Center |
| 18:27 | Crear | Villager (Male) |
| 18:28 | Investigar | Bow Saw |
| 18:34 | Construir | House |
| 18:39 | Crear | Villager (Male) |
| 18:52 | Construir | Fish Trap |
| 19:08 | Crear | Villager (Male) |
| 19:08 | Crear | Villager (Male) |
| 19:12 | Construir | Fish Trap |
| 19:23 | Construir | Palisade Wall |
| 19:24 | Construir | Palisade Wall |
| 19:28 | Construir | Palisade Wall |
| 19:31 | Construir | Palisade Wall |
| 19:34 | Construir | Palisade Wall |
| 19:37 | Construir | Palisade Wall |
| 19:38 | Construir | Palisade Wall |
| 19:41 | Construir | Palisade Wall |
| 19:47 | Crear | Villager (Male) |
| 19:48 | Crear | Villager (Male) |
| 19:50 | Crear | Fishing Ship |
| 19:52 | Construir | Fish Trap |
| 19:56 | Construir | Fish Trap |
| 19:58 | Construir | Fish Trap |
| 19:59 | Crear | Villager (Male) |
| 20:13 | Crear | Fishing Ship |
| 20:13 | Crear | Villager (Male) |
| 20:13 | Crear | Villager (Male) |
| 20:31 | Construir | Fish Trap |
| 20:35 | Construir | Fish Trap |
| 20:46 | Construir | Fish Trap |
| 20:48 | Crear | Fishing Ship |
| 20:52 | Crear | Villager (Male) |
| 20:56 | Crear | Villager (Male) |
| 21:13 | Construir | Fish Trap |
| 21:15 | Crear | Fishing Ship |
| 21:17 | Crear | Villager (Male) |
| 21:46 | Construir | Fish Trap |
| 21:47 | Crear | Villager (Male) |
| 22:03 | Crear | Fishing Ship |
| 22:03 | Crear | Fishing Ship |
| 22:04 | Crear | Villager (Male) |
| 22:04 | Crear | Villager (Male) |
| 22:07 | Investigar | Town Watch |
| 22:22 | Crear | Villager (Male) |
| 22:24 | Crear | Villager (Male) |
| 22:32 | Construir | Mining Camp |
| 22:39 | Construir | Town Center |
| 22:40 | Crear | Villager (Male) |
| 22:41 | Crear | Villager (Male) |
| 22:45 | Crear | Fishing Ship |
| 22:45 | Crear | Fishing Ship |
| 22:56 | Construir | Dock |
| 23:02 | Construir | Fish Trap |
| 23:04 | Construir | Fish Trap |
| 23:06 | Investigar | Gillnets |
| 23:07 | Crear | Villager (Male) |
| 23:12 | Crear | Villager (Male) |
| 23:23 | Crear | Villager (Male) |
| 23:30 | Construir | House |
| 23:31 | Construir | House |
| 23:32 | Crear | Villager (Male) |
| 23:34 | Construir | Fish Trap |
| 23:36 | Construir | Fish Trap |
| 23:39 | Investigar | Wheelbarrow |
| 23:44 | Crear | Villager (Male) |
| 23:48 | Construir | House |
| 23:50 | Construir | House |
| 24:00 | Crear | Villager (Male) |
| 24:08 | Crear | Fishing Ship |
| 24:08 | Crear | Fishing Ship |
| 24:11 | Crear | Fishing Ship |
| 24:19 | Crear | Villager (Male) |
| 24:22 | Crear | Villager (Male) |
| 24:26 | Crear | Villager (Male) |
Cronología de la partida
| 0:51 | masterjft · wall_segment Palisade Wall x5 |
| 1:08 | Trazbon · wall_segment Palisade Wall x6 |
| 1:21 | erich_hub · wall_segment Palisade Wall x6 |
| 1:24 | erich_hub · wall_segment Palisade Wall x1 |
| 1:44 | Mushu · wall_segment Palisade Wall x1 |
| 1:45 | Mushu · wall_segment Palisade Wall x1 |
| 2:05 | Mushu · wall_segment Palisade Wall x1 |
| 2:08 | MasterProber · wall_segment Palisade Wall x1 |
| 2:10 | MasterProber · wall_segment Palisade Wall x1 |
| 2:11 | MasterProber · wall_segment Palisade Wall x1 |
| 2:12 | Mushu · wall_segment Palisade Wall x1 |
| 2:13 | MasterProber · wall_segment Palisade Wall x1 |
| 2:15 | Mushu · wall_segment Palisade Wall x1 |
| 2:19 | Mushu · wall_segment Palisade Wall x1 |
| 2:25 | Mushu · wall_segment Palisade Wall x1 |
| 2:37 | Mushu · wall_segment Palisade Wall x1 |
| 2:44 | MasterProber · wall_segment Palisade Wall x1 |
| 2:46 | Mushu · wall_segment Palisade Wall x1 |
| 2:47 | MasterProber · wall_segment Palisade Wall x1 |
| 2:48 | MasterProber · wall_segment Palisade Wall x1 |
| 2:51 | erich_hub · wall_segment Palisade Wall x1 |
| 2:53 | erich_hub · wall_segment Palisade Wall x1 |
| 2:54 | erich_hub · wall_segment Palisade Wall x1 |
| 2:55 | erich_hub · wall_segment Palisade Wall x1 |
| 3:05 | masterjft · wall_segment Palisade Wall x3 |
| 3:08 | masterjft · wall_segment Palisade Wall x3 |
| 3:11 | MasterProber · wall_segment Palisade Wall x1 |
| 3:13 | MasterProber · wall_segment Palisade Wall x1 |
| 3:28 | erich_hub · wall_segment Palisade Wall x1 |
| 3:33 | erich_hub · wall_segment Palisade Wall x1 |
| 3:55 | Trazbon · wall_segment Palisade Wall x1 |
| 3:56 | Trazbon · wall_segment Palisade Wall x4 |
| 4:00 | erich_hub · wall_segment Palisade Wall x1 |
| 4:07 | Trazbon · wall_segment Palisade Wall x1 |
| 4:12 | Trazbon · wall_segment Palisade Wall x1 |
| 4:21 | masterjft · wall_segment Palisade Wall x3 |
| 4:47 | masterjft · wall_segment Palisade Wall x1 |
| 4:50 | Trazbon · wall_segment Palisade Wall x1 |
| 4:50 | masterjft · wall_segment Palisade Wall x1 |
| 4:51 | Trazbon · wall_segment Palisade Wall x1 |
| 4:55 | MasterProber · wall_segment Palisade Wall x1 |
| 4:55 | masterjft · wall_segment Palisade Wall x1 |
| 4:56 | MasterProber · wall_segment Palisade Wall x1 |
| 4:57 | MasterProber · wall_segment Palisade Wall x1 |
| 4:57 | masterjft · wall_segment Palisade Wall x1 |
| 4:58 | MasterProber · wall_segment Palisade Wall x1 |
| 4:59 | MasterProber · wall_segment Palisade Wall x1 |
| 5:01 | MasterProber · wall_segment Palisade Wall x1 |
| 5:06 | MasterProber · wall_segment Palisade Wall x1 |
| 5:10 | MasterProber · wall_segment Palisade Wall x1 |
| 5:11 | [Eot_]Salva.Dope · first_building Dock |
| 5:13 | Trazbon · wall_segment Palisade Wall x1 |
| 5:13 | MasterProber · wall_segment Palisade Wall x1 |
| 5:15 | MasterProber · wall_segment Palisade Wall x1 |
| 5:17 | MasterProber · wall_segment Palisade Wall x1 |
| 5:20 | masterjft · wall_segment Palisade Wall x1 |
| 5:20 | MasterProber · wall_segment Palisade Wall x1 |
| 5:23 | masterjft · wall_segment Palisade Wall x1 |
| 5:29 | MasterProber · wall_segment Palisade Wall x1 |
| 5:37 | erich_hub · wall_segment Palisade Wall x1 |
| 5:40 | erich_hub · wall_segment Palisade Wall x1 |
| 5:44 | erich_hub · wall_segment Palisade Wall x1 |
| 5:56 | masterjft · wall_segment Palisade Wall x1 |
| 6:13 | MasterProber · wall_segment Palisade Wall x1 |
| 6:16 | MasterProber · wall_segment Palisade Wall x1 |
| 6:19 | MasterProber · wall_segment Palisade Wall x1 |
| 6:24 | erich_hub · wall_segment Palisade Wall x1 |
| 6:28 | erich_hub · wall_segment Palisade Wall x1 |
| 6:29 | erich_hub · wall_segment Palisade Wall x1 |
| 6:30 | erich_hub · wall_segment Palisade Wall x1 |
| 6:31 | erich_hub · wall_segment Palisade Wall x1 |
| 6:35 | Trazbon · wall_segment Palisade Wall x1 |
| 6:47 | Trazbon · wall_segment Palisade Wall x1 |
| 7:11 | MasterProber · wall_segment Palisade Wall x1 |
| 7:45 | erich_hub · wall_segment Palisade Wall x1 |
| 7:47 | Trazbon · wall_segment Palisade Wall x1 |
| 7:47 | Trazbon · wall_segment Palisade Wall x1 |
| 7:48 | Trazbon · wall_segment Palisade Wall x1 |
| 7:49 | Trazbon · wall_segment Palisade Wall x4 |
| 7:57 | erich_hub · wall_segment Palisade Wall x1 |
| 7:58 | erich_hub · wall_segment Palisade Wall x1 |
| 8:01 | MasterProber · wall_segment Palisade Wall x1 |
| 8:10 | erich_hub · wall_segment Palisade Wall x1 |
| 8:20 | erich_hub · wall_segment Palisade Wall x1 |
| 8:44 | Trazbon · wall_segment Palisade Wall x1 |
| 9:00 | masterjft · first_building Dock |
| 9:04 | Trazbon · wall_segment Palisade Wall x1 |
| 9:05 | Trazbon · wall_segment Palisade Wall x1 |
| 9:15 | Trazbon · wall_segment Palisade Wall x1 |
| 10:07 | Trazbon · wall_segment Palisade Wall x10 |
| 10:59 | 大葱鸭 · age_up feudal |
| 11:18 | Trazbon · first_building Barracks |
| 11:40 | erich_hub · first_building Dock |
| 11:49 | Mushu · age_up feudal |
| 12:08 | MasterProber · wall_segment Palisade Wall x1 |
| 12:08 | MasterProber · wall_segment Palisade Wall x2 |
| 12:12 | MasterProber · wall_segment Palisade Wall x1 |
| 12:17 | Mushu · wall_segment Stone Wall x8 |
| 12:18 | MasterProber · wall_segment Palisade Wall x1 |
| 12:20 | Trazbon · wall_segment Palisade Wall x1 |
| 12:21 | Trazbon · wall_segment Palisade Wall x9 |
| 12:26 | MasterProber · wall_segment Palisade Wall x1 |
| 12:27 | titumir · age_up feudal |
| 12:27 | [Eot_]Salva.Dope · age_up feudal |
| 12:29 | Trazbon · age_up feudal |
| 12:51 | erich_hub · age_up feudal |
| 12:54 | MasterProber · first_building Dock |
| 13:32 | MasterProber · age_up feudal |
| 13:39 | MasterProber · wall_segment Stone Wall x8 |
| 13:44 | masterjft · age_up feudal |
| 13:48 | masterjft · wall_segment Stone Wall x5 |
| 14:05 | [Eot_]Salva.Dope · first_market_buy 100 food |
| 14:06 | [Eot_]Salva.Dope · first_market_sell 100 wood |
| 14:08 | MasterProber · wall_segment Stone Wall x1 |
| 14:14 | MasterProber · wall_segment Stone Wall x1 |
| 14:18 | MasterProber · wall_segment Stone Wall x1 |
| 14:21 | MasterProber · wall_segment Stone Wall x1 |
| 14:25 | MasterProber · wall_segment Stone Wall x1 |
| 14:35 | 大葱鸭 · age_up castle |
| 14:40 | erich_hub · wall_segment Stone Wall x6 |
| 14:44 | erich_hub · wall_segment Stone Wall x1 |
| 14:46 | Mushu · first_market_buy 100 food |
| 14:46 | erich_hub · wall_segment Stone Wall x1 |
| 14:46 | erich_hub · wall_segment Stone Wall x1 |
| 14:50 | erich_hub · wall_segment Stone Wall x3 |
| 15:28 | masterjft · first_market_sell 100 food |
| 15:30 | Mushu · age_up castle |
| 16:17 | MasterProber · wall_segment Stone Wall x1 |
| 16:22 | titumir · age_up castle |
| 16:26 | erich_hub · age_up castle |
| 16:53 | erich_hub · first_building Monastery |
| 17:05 | [Eot_]Salva.Dope · age_up castle |
| 17:42 | MasterProber · wall_segment Stone Wall x2 |
| 18:09 | masterjft · age_up castle |
| 18:10 | [Eot_]Salva.Dope · first_building Siege Workshop |
| 18:27 | Mushu · first_market_sell 100 wood |
| 19:02 | Trazbon · first_market_buy 100 food |
| 19:02 | Trazbon · first_market_sell 100 stone |
| 19:23 | masterjft · wall_segment Palisade Wall x1 |
| 19:24 | masterjft · wall_segment Palisade Wall x1 |
| 19:28 | masterjft · wall_segment Palisade Wall x1 |
| 19:31 | masterjft · wall_segment Palisade Wall x1 |
| 19:34 | masterjft · wall_segment Palisade Wall x1 |
| 19:37 | masterjft · wall_segment Palisade Wall x1 |
| 19:38 | masterjft · wall_segment Palisade Wall x1 |
| 19:41 | masterjft · wall_segment Palisade Wall x1 |
| 20:54 | Trazbon · wall_segment Stone Wall x10 |
| 21:00 | Trazbon · age_up castle |
| 21:29 | 大葱鸭 · first_building Monastery |
| 21:53 | Trazbon · first_building Monastery |
| 22:14 | 大葱鸭 · first_building Siege Workshop |
| 22:22 | MasterProber · first_market_buy 100 food |
| 22:35 | masterjft · first_market_buy 100 stone |
| 22:49 | Mushu · first_building Monastery |
| 23:01 | Trazbon · wall_segment Stone Wall x1 |
| 23:26 | 大葱鸭 · first_market_sell 100 food |
| 24:16 | erich_hub · first_building Siege Workshop |
| 24:20 | 大葱鸭 · first_building Barracks |
| 25:35 | 大葱鸭 · first_building Castle |
| 25:40 | Mushu · first_building Barracks |
| 25:47 | MasterProber · age_up castle |
| 26:04 | MasterProber · first_building Castle |
| 26:20 | [Eot_]Salva.Dope · first_building Monastery |
| 26:22 | MasterProber · first_building Siege Workshop |
| 26:25 | masterjft · first_building Siege Workshop |
| 26:36 | 大葱鸭 · age_up imperial |
| 26:39 | Mushu · first_building Archery Range |
| 26:43 | titumir · first_building Castle |
| 26:57 | erich_hub · first_building Barracks |
| 27:10 | [Eot_]Salva.Dope · first_building Barracks |
| 27:17 | titumir · first_building Barracks |
| 27:32 | Mushu · first_building Stable |
| 27:33 | Trazbon · first_building Siege Workshop |
| 27:41 | Mushu · first_building Siege Workshop |
| 27:49 | MasterProber · wall_segment Stone Wall x6 |
| 27:50 | [Eot_]Salva.Dope · first_building Archery Range |
| 28:09 | masterjft · first_building Castle |
| 28:14 | Mushu · first_building Castle |
| 28:31 | titumir · first_building Stable |
| 28:36 | Mushu · age_up imperial |
| 28:50 | [Eot_]Salva.Dope · wall_segment Stone Wall x11 |
| 28:56 | [Eot_]Salva.Dope · wall_segment Stone Wall x7 |
| 29:10 | Trazbon · first_building Stable |
| 29:10 | [Eot_]Salva.Dope · first_building Stable |
| 29:18 | erich_hub · first_building Castle |
| 29:42 | masterjft · first_building Barracks |
| 30:07 | [Eot_]Salva.Dope · age_up imperial |
| 30:14 | erich_hub · age_up imperial |
| 30:25 | titumir · first_building Siege Workshop |
| 30:36 | Trazbon · age_up imperial |
| 30:50 | masterjft · first_building Archery Range |
| 30:59 | masterjft · age_up imperial |
| 30:59 | [Eot_]Salva.Dope · first_building Castle |
| 31:10 | 大葱鸭 · first_building Archery Range |
| 31:25 | Trazbon · first_building Castle |
| 31:34 | titumir · first_building Archery Range |
| 31:35 | erich_hub · wall_segment Palisade Wall x1 |
| 31:36 | titumir · age_up imperial |
| 32:05 | 大葱鸭 · first_market_buy 100 wood |
| 32:23 | erich_hub · first_market_sell 100 wood |
| 32:25 | erich_hub · first_market_buy 100 stone |
| 32:43 | titumir · first_market_buy 100 stone |
| 33:33 | Trazbon · first_building Archery Range |
| 34:00 | MasterProber · wall_segment Stone Wall x14 |
| 34:11 | [Eot_]Salva.Dope · tribute_sent a jugador 1 |
| 34:11 | [Eot_]Salva.Dope · tribute_sent a jugador 2 |
| 34:11 | [Eot_]Salva.Dope · tribute_sent a jugador 3 |
| 34:11 | [Eot_]Salva.Dope · tribute_sent a jugador 4 |
| 34:11 | [Eot_]Salva.Dope · tribute_sent a jugador 5 |
| 34:11 | [Eot_]Salva.Dope · tribute_sent a jugador 6 |
| 34:11 | [Eot_]Salva.Dope · tribute_sent a jugador 8 |
| 34:46 | MasterProber · wall_segment Stone Wall x12 |
| 35:15 | MasterProber · wall_segment Stone Wall x12 |
| 35:21 | MasterProber · first_building Monastery |
| 37:07 | [Eot_]Salva.Dope · tribute_sent a jugador 1 |
| 37:07 | [Eot_]Salva.Dope · tribute_sent a jugador 2 |
| 37:07 | [Eot_]Salva.Dope · tribute_sent a jugador 3 |
| 37:07 | [Eot_]Salva.Dope · tribute_sent a jugador 4 |
| 37:07 | [Eot_]Salva.Dope · tribute_sent a jugador 5 |
| 37:07 | [Eot_]Salva.Dope · tribute_sent a jugador 6 |
| 37:07 | [Eot_]Salva.Dope · tribute_sent a jugador 8 |
| 37:34 | Mushu · resign |
[ ANÁLISIS IA · 1 CRÉDITO ]
¿Qué pasó realmente en esta partida?
Wolo.gg analiza cada decisión: build order, eco, micro, errores típicos por bracket. Análisis personalizado por WhatsApp o Discord en 30 segundos.
Guía civ
Etíopes
Perfil
Jugador #2304176